 Dungeon Crawl Stone Soup version 0.23-a0-389-g4a5eb33 (webtiles) character file.

344 JeffiDaFish the Sneak (level 6, -1/28 HPs)
             Began as a Spriggan Enchanter on Oct 29, 2018.
             Was an Initiate of Sif Muna.
             Slain by a bullfrog (8 damage)
             ... on level 5 of the Dungeon.
             The game lasted 00:13:45 (5289 turns).

JeffiDaFish the Sneak (Spriggan Enchanter)          Turns: 5289, Time: 00:13:45

Health: -1/28      AC:  2    Str:  4    XL:     6   Next: 31%
Magic:  8/14       EV: 18    Int: 19    God:    Sif Muna [......]
Gold:   143        SH:  0    Dex: 16    Spells: 12/15 levels left

rFire    . . .     SeeInvis +   i - +1 dagger (venom)
rCold    . . .     Gourm    .   (shield restricted)
rNeg     . . .     Faith    .   b - +0 robe
rPois    .         Spirit   .   (helmet restricted)
rElec    .         Reflect  .   (no cloak)
rCorr    +         Harm     .   (gloves unavailable)
MR       +....                  (boots unavailable)
Stlth    +++.......             (no amulet)
HPRegen  0.09/turn              h - ring of resist corrosion
MPRegen  0.14/turn              (no ring)

@: very quick
A: very small, unfitting armour, see invisible, herbivore, speed 3, slow
metabolism 2
a: Renounce Religion


You were on level 5 of the Dungeon.
You worshipped Sif Muna.
Sif Muna was noncommittal.
You were not hungry.

You visited 2 branches of the dungeon, and saw 6 of its levels.

You collected 143 gold pieces.

Inventory:

Hand Weapons
 i - a +1 dagger of venom (weapon)
Armour
 b - a +0 robe (worn)
 c - a cursed +2 buckler
Jewellery
 h - a ring of resist corrosion (left hand)
Scrolls
 a - 3 scrolls of blinking
 f - 2 scrolls of identify
 l - a scroll of teleportation
Potions
 g - a potion of brilliance
 j - a potion of haste
 k - a potion of flight
Comestibles
 d - 3 rations


   Skills:
 - Level 1.1 Short Blades
 - Level 3.0 Dodging
 + Level 6.0 Stealth
 + Level 1.6 Shields
 * Level 5.0 Spellcasting
 * Level 5.9 Hexes


You had 12 spell levels left.
You knew the following spells:

 Your Spells              Type           Power        Failure   Level  Hunger
a - Corona                Hex            ####...      1%          1    None
b - Ensorcelled Hibernat  Hex/Ice        ###...       5%          2    #......

Your spell library contained the following spells:

 Spells                   Type           Power        Failure   Level  Hunger
 Confuse                  Hex            ####....     3%          3    ##.....
 Tukima's Dance           Hex            ####....     3%          3    ##.....
 Dazzling Spray           Conj/Hex       ###...       11%         3    ##.....


Dungeon Overview and Level Annotations

Branches:
Dungeon (5/15)             Temple (1/1) D:4

Altars:
Ashenzari
Cheibriados
Dithmenos
Elyvilon
Fedhas
Gozag
Kikubaaqudgha
Nemelex Xobeh
Okawaru
Ru
Sif Muna
Wu Jian
Xom
Yredelemnul

Shops:
D:5 }


Innate Abilities, Weirdness & Mutations

You are very small and have problems with some larger weapons.
You are too small for most types of armour.
You have supernaturally acute eyesight. (SInv)
You are a herbivore.
You cover ground extremely quickly.
You need to consume almost no food.


Message History

Aiming: Ensorcelled Hibernation (safe; 5% risk of failure)
Press: ? - help, Shift-Dir - straight line, f - bullfrog
Aim: a bullfrog (chance to defeat MR: 47%)
The bullfrog resists with some effort.
The bullfrog hits you.
* * * LOW HITPOINT WARNING * * *
The bullfrog misses you.
Casting: Ensorcelled Hibernation (safe; 5% risk of failure)
Confirm with . or Enter, or press ? or * to list all spells.
Aiming: Ensorcelled Hibernation (safe; 5% risk of failure)
Press: ? - help, Shift-Dir - straight line, f/p - bullfrog
Aim: a bullfrog (chance to defeat MR: 47%)
The bullfrog looks drowsy...
The helpless bullfrog fails to defend itself.
You impale the bullfrog!!
The bullfrog looks as sick as possible!
The bullfrog is almost dead.
The bullfrog closely misses you.
You barely miss the bullfrog.
The bullfrog is almost dead.
The bullfrog hits you!
You die...

#..........##
##...........#. ....
#..∩....%...... ....
#..#.)### #.....
#.....# .... #..#.#.##
... #.##.#..# #.#
#.##....###..# #. .
#......F@.###.... #
#..........>....#
.............###..#
..........#######.##
##..........#§§§§...#
..#........§§§§§...###
..#..........§§.<....#
##>........§§§......#
..........<....(......


You could see a bullfrog.

Vanquished Creatures
  A scorpion (D:4)
  A hound (D:4)
  An orc priest (D:4)
  3 orc wizards (D:4)
  A worker ant (D:4)
  3 adders
  2 oozes
  3 worms
  3 dart slugs
  A leopard gecko (D:4)
  15 orcs
  6 giant cockroaches
  7 hobgoblins
  7 jackals
  7 kobolds
  A quokka (D:3)
  6 bats
  A frilled lizard (D:4)
  7 rats
76 creatures vanquished.

Notes
Turn   | Place    | Note
-------+----------+-------------------------------------------
     0 | D:1      | JeffiDaFish the Spriggan Enchanter began the quest for the
                  | Orb.
     0 | D:1      | Reached XP level 1. HP: 9/9 MP: 5/5
   117 | D:1      | Found a shimmering altar of Xom.
   605 | D:1      | Reached XP level 2. HP: 13/13 MP: 6/6
  1421 | D:2      | Learned a level 2 spell: Ensorcelled Hibernation
  1451 | D:2      | Reached XP level 3. HP: 15/16 MP: 4/8
  2396 | D:3      | Reached skill level 5 in Stealth
  2911 | D:3      | Reached XP level 4. HP: 21/21 MP: 10/10
  3428 | D:4      | Noticed a bullfrog
  3454 | D:4      | HP: 1/21 [bullfrog (8)]
  3790 | D:4      | Reached skill level 1 in Shields
  3790 | D:4      | Reached skill level 5 in Hexes
  3790 | D:4      | Reached XP level 5. HP: 13/24 MP: 1/12
  4580 | D:4      | Reached XP level 6. HP: 27/28 MP: 3/14
  4639 | D:4      | Found a staircase to the Ecumenical Temple.
  4733 | Temple   | Entered the Ecumenical Temple
  4966 | Temple   | Became a worshipper of Sif Muna the Loreminder
  5124 | D:4      | Reached skill level 6 in Stealth
  5124 | D:4      | Reached skill level 5 in Spellcasting
  5165 | D:4      | Found an opulent altar of Gozag.
  5166 | D:4      | Found a sparkling altar of Nemelex Xobeh.
  5248 | D:5      | Entered Level 5 of the Dungeon
  5266 | D:5      | Found Atazoxyach's Gadget Shoppe.
  5289 | D:5      | Slain by a bullfrog

Vault maps used:
D:1:      evilmike_arrival_fibonacci_small, xom_teletrap_fun
D:3:      first_ration, minmay_misc_feat_columns, serial_bayou_ford_a,
          minmay_misc_feat_roman, st_stairs_8, corexii_item_surrounded_by_moat
D:4:      grunt_temple_overflow_opulence, minmay_temple_entry_hall
D:5:      serial_shops, shop, nicolae_shop_crystal, shop, shop, shop
Temple:   minmay_temple_curvy_loop

Skill      XL: |  1  2  3  4  5  6 |
---------------+-------------------+-----
Hexes          | 4 5 |  5.9
Spellcasting   | 3 4 5 |  5.0
Stealth        | 5 6 |  6.0
Shields        | 1 |  1.6
Short Blades   | |  1.1
Dodging        | |  3.0

Action                   |  1- 3 |  4- 6 || total
-------------------------+-------+-------++-------
Melee: Dagger            |   129 |    95 ||   224
 Cast: Corona            |     7 |     3 ||    10
       Ensorcelled Hiber |     9 |    38 ||    47
  Use: Potion            |     6 |     1 ||     7
       Scroll            |     6 |     5 ||    11
 Stab: Sleeping          |    20 |    20 ||    40
  Eat: Ration            |       |     2 ||     2
Armor: Robe              |    17 |     7 ||    24
Dodge: Dodged            |    90 |    69 ||   159

Table legend:
 A = Non-vault XP
 B = Vault XP
 C = Vault XP percentage of total XP
 D = Non-vault monster count
 E = Vault monster count
 F = Vault count percentage of total count
                 A         B        C        D         E       F
            +---------+---------+-------+---------+---------+-------
      Total |     488 |       4 |   0.8 |      74 |       2 |   2.6
            +---------+---------+-------+---------+---------+-------
        D:1 |      16 |       1 |   5.9 |      10 |       1 |   9.1
        D:2 |      35 |       0 |   0.0 |      18 |       0 |   0.0
        D:3 |      60 |       3 |   4.8 |      18 |       1 |   5.3
        D:4 |     367 |       0 |   0.0 |      26 |       0 |   0.0
        D:5 |      10 |       0 |   0.0 |       2 |       0 |   0.0
            +---------+---------+-------+---------+---------+-------
